 Dungeon Crawl Stone Soup version 0.28.0-43-g3370ac3207 (webtiles) character file.

Game seed: 11147440431466238917

4687 pkoi the Destroyer (level 10, -13/69 HPs)
             Began as a White Draconian Conjurer on Mar 10, 2022.
             Killed by an exploding fulminant prism (21 damage)
             ... in a bailey.
             The game lasted 00:17:29 (11875 turns).

pkoi the Destroyer (White Draconian Conjurer)      Turns: 11875, Time: 00:17:29

Health: -13/69     AC:  9    Str: 11    XL:     10   Next: 21%
Magic:  0/20       EV: 27    Int: 22    God:
Gold:   343        SH:  0    Dex:  9    Spells: 9/23 levels left

rFire   . . .      SeeInvis .   q - +0 whip (elec)
rCold   + . .      Faith    .   (no shield)
rNeg    . . .      Spirit   .   (armour unavailable)
rPois   .          Reflect  .   (helmet restricted)
rElec   .          Harm     .   (no cloak)
rCorr   .          Rampage  .   m - +1 pair of gloves
Will    .....                   (no boots)
Stlth   ++........              z - amulet of the acrobat
HPRegen 0.21/turn               (no ring)
MPRegen 0.17/turn               (no ring)

@: acrobatic
A: breathe frost, AC +7, unfitting armour, cold resistance 1, cold-blooded
a: Breathe Frost


You were in a bailey.
You visited 1 branch of the dungeon, and saw 7 of its levels.
You also visited: Bailey.

You collected 343 gold pieces.

Inventory:

Hand Weapons
 e - a +0 short sword
 o - a +0 halberd
 q - a +0 whip of electrocution (weapon)
 A - the +5 hunting sling "Foluroow" {flame, *Corrode Will+ Str+4 Dex+2}
   (You found it on level 6 of the Dungeon)

   Any ammunition fired from it burns those it strikes, dealing additional fire
   damage.
   Str:       It affects your strength (+4).
   Dex:       It affects your dexterity (+2).
   *Corrode:  It may corrode you when you take damage.
   Will:      It increases your willpower.
Missiles
 k - 2 throwing nets
Armour
 m - a +1 pair of gloves (worn)
Jewellery
 b - the amulet of Kemoarai {Reflect Will++ SH+5}
   (You acquired it in a bailey)

   [amulet of reflection]

   It reflects blocked missile attacks.
   SH:        It affects your SH (+5).
   Will:      It greatly increases your willpower.
 n - a ring of ice
 y - a ring of fire
 z - an amulet of the acrobat (around neck)
Wands
 B - a wand of flame (11)
 D - a wand of acid (1)
Scrolls
 a - 2 scrolls of magic mapping
 f - 3 scrolls of identify
 i - a scroll of enchant weapon
 t - 2 scrolls of teleportation
 x - a scroll of noise
Potions
 c - 2 potions of berserk rage {unknown}
 d - a potion of degeneration
 g - a potion of ambrosia
 h - 3 potions of curing
 p - 5 potions of might {unknown}
 w - a potion of experience {unknown}
 E - 3 potions of haste {unknown}
 F - 2 potions of magic {unknown}
 G - a potion of cancellation
 H - a potion of mutation {unknown}


   Skills:
 - Level 1.7 Dodging
 - Level 1.7 Stealth
 + Level 7.0 Spellcasting
 * Level 11.6 Conjurations
 - Level 3.3 Hexes
 + Level 6.0 Translocations


You had 9 spell levels left.
You knew the following spells:

 Your Spells              Type           Power      Damage    Failure   Level
a - Magic Dart            Conj           100%       1d8       1%          1
b - Searing Ray           Conj           100%       2d8       1%          2
c - Dazzling Flash        Conj/Hex       80%        N/A       1%          3
d - Iskenderun's Mystic   Conj/Tloc      46%        2d10      2%          4
e - Fulminant Prism       Conj/Hex       20%        3d13      3%          4

Your spell library contained the following spells:

 Spells                   Type           Power      Damage    Failure   Level
 Static Discharge         Conj/Air       33%        N/A       1%          2
 Lightning Bolt           Conj/Air       16%        1d30      22%         5
 Iron Shot                Conj/Erth      16%        9d4       75%         6
 Blade Hands              Tmut           3%         N/A       92%         5
 Maxwell's Capacitive Co  Air            3%         ∞         100%        8
 Animate Armour           Summ/Erth      Unusable   N/A       N/A         4

Dungeon Overview and Level Annotations

Branches:
Dungeon (7/15)             Bailey (1/1)
 Temple: D:4-7

Altars:

Annotations:
D:3 1 runed translucent door, Crazy Yiuf


Innate Abilities, Weirdness & Mutations

You can breathe waves of freezing cold which knock back foes.
Your icy white scales are hard. (AC +7)
You cannot fit into any form of body armour.
Your flesh is cold resistant. (rC+)
You are cold-blooded and may be slowed by cold attacks.


Message History

There is an open door, spattered with blood here.
Things that are here:
a +0 spear; a +0 scale mail You see here a +0 hand axe.
There is an open door, spattered with blood here.
You have got your breath back.
You see here a +4 war axe.
Items here: )) ? [ †.
Casting: Iskenderun's Mystic Blast (dangerous; 2% risk of failure)
Confirm with . or Enter, or press ? or * to list all spells.
Aiming: Fulminant Prism (dangerous; 3% risk of failure)
Press: ? - help, Dir - move target, p - orc warrior You conjure a prism of explosive energy!
A fulminant prism comes into view.
The orc warrior misses you.
Your fulminant prism crackles loudly.
Your fulminant prism explodes!
The blast of energy engulfs the orc warrior.
The orc warrior is almost dead.
There is a broken door here.
Things that are here:
a +0 halberd; a +0 chain mail
Things that are here:
a +0 spear; a +0 ring mail You see here a +0 halberd.
Casting: Fulminant Prism (dangerous; 3% risk of failure)
Confirm with . or Enter, or press ? or * to list all spells.
Aiming: Fulminant Prism (dangerous; 3% risk of failure)
Press: ? - help, Dir - move target You conjure a prism of explosive energy!
A fulminant prism comes into view.
The orc warrior hits you from afar with a +0 glaive!!
* * * LOW HITPOINT WARNING * * *
Your fulminant prism crackles loudly.
There is a broken door here.
Your fulminant prism explodes!
The blast of energy engulfs the orc warrior!!
You kill the orc warrior!
The blast of energy engulfs you!!
You die...

############ #######
##.∩.....)).## ##.....######
#......#...).######.......#....
#.....###)...#....#..##...'...)
#∩.....8.))))'@.))'..8....)).).
#.....###....#...)#.)##...)....
#.....)#.....######..)....#....
##.∩.)......## ##..)..######
############ #######


There were no monsters in sight!

Vanquished Creatures
  3 orc knights (Bailey)
  Grinder (D:6)
  Sigmund (D:3)
  Edmund (D:6)
  6 orc warriors (Bailey)
  A sky beast (D:6)
  2 ice beasts (D:6)
  A necrophage (D:6)
  4 ogres
  2 centaurs
  A phantom (D:5)
  2 wyvern zombies (D:6)
  3 scorpions
  A water moccasin zombie (D:5)
  9 wights
  An electric eel (D:6)
  3 hounds
  2 bullfrog skeletons (D:6)
  2 jellies
  A centaur skeleton (D:5)
  Jessica (D:2)
  Natasha (thrice) (D:3)
  An iguana (D:6)
  4 orc wizards
  Terence (D:2)
  A hound skeleton (D:5)
  3 gnolls (D:3)
  5 adders
  2 shadow imps (D:6)
  A white imp (D:5)
  2 worms
  2 dart slugs (D:1)
  36 orcs
  9 ball pythons
  8 bats
  8 endoplasms
  A giant cockroach (D:1)
  10 goblins
  5 hobgoblins
  11 jackals
  3 quokkas
  A frilled lizard (D:1)
  7 kobolds
  2 rats
174 creatures vanquished.

Vanquished Creatures (collateral kills)
  2 orcs (Bailey)
2 creatures vanquished.

Vanquished Creatures (others)
  11 fulminant prisms
  9 plants (D:6)
20 creatures vanquished.

Grand Total: 196 creatures vanquished

Notes
Turn   | Place    | Note
-------+----------+-------------------------------------------
     0 | D:1      | pkoi the Draconian Conjurer began the quest for the Orb.
     0 | D:1      | Reached XP level 1. HP: 14/14 MP: 3/3
   249 | D:1      | Reached XP level 2. HP: 20/20 MP: 0/5
   711 | D:1      | Learned a level 2 spell: Searing Ray
  1049 | D:1      | Reached skill level 5 in Conjurations
  1190 | D:1      | Reached XP level 3. HP: 26/26 MP: 3/6
  1194 | D:1      | Learned a level 3 spell: Dazzling Flash
  1874 | D:2      | Found a faded altar of an unknown god.
  2004 | D:2      | Reached XP level 4. HP: 33/33 MP: 5/7
  2040 | D:2      | Noticed Terence
  2056 | D:2      | Killed Terence
  2404 | D:2      | Noticed Jessica
  2409 | D:2      | Killed Jessica
  2910 | D:3      | Reached XP level 5. HP: 38/38 MP: 5/9
  3003 | D:3      | Reached skill level 6 in Conjurations
  3179 | D:3      | Noticed Sigmund
  3184 | D:3      | Killed Sigmund
  3185 | D:3      | Reached XP level 6. HP: 43/45 MP: 2/11
  3362 | D:3      | Noticed Natasha
  3365 | D:3      | Killed Natasha
  3706 | D:3      | Found a runed translucent door.
  3707 | D:3      | Noticed Crazy Yiuf
  3786 | D:3      | Reached skill level 7 in Conjurations
  3836 | D:3      | Noticed Natasha
  3840 | D:3      | Killed Natasha
  4210 | D:3      | Noticed Natasha
  4221 | D:3      | Killed Natasha
  4576 | D:4      | Your scales start taking on an icy white colour.
  4576 | D:4      | Reached XP level 7. HP: 50/50 MP: 6/13
  4576 | D:4      | Gained mutation: Your flesh is cold resistant. (rC+) [White
                  | Draconian growth]
  4701 | D:4      | Learned a level 4 spell: Iskenderun's Mystic Blast
  5336 | D:4      | Reached skill level 1 in Hexes
  5336 | D:4      | Reached skill level 1 in Translocations
  5505 | D:4      | Reached skill level 8 in Conjurations
  5694 | D:5      | Entered Level 5 of the Dungeon
  6311 | D:5      | Reached XP level 8. HP: 48/57 MP: 9/14
  7225 | D:6      | Identified the +5 hunting sling "Foluroow" {flame, *Corrode
                  | Will+ Str+4 Dex+2}
  7234 | D:6      | Reached skill level 5 in Spellcasting
  7356 | D:6      | Noticed Grinder
  7460 | D:5      | Reached skill level 9 in Conjurations
  7532 | D:6      | Paralysed by Grinder for 7 turns
  7642 | D:6      | Paralysed by Grinder for 2 turns
  7650 | D:6      | Killed Grinder
  8699 | D:5      | Learned a level 4 spell: Fulminant Prism
  8960 | D:6      | Reached XP level 9. HP: 62/62 MP: 10/17
  9858 | D:6      | Reached skill level 10 in Conjurations
 10240 | D:6      | Noticed Edmund
 10274 | D:6      | Killed Edmund
 10784 | D:7      | Found a flagged portal.
 10885 | Bailey   | Entered a bailey
 11004 | Bailey   | Reached skill level 5 in Translocations
 11194 | Bailey   | Noticed an orc knight
 11212 | Bailey   | Killed an orc knight
 11213 | Bailey   | Reached skill level 11 in Conjurations
 11245 | Bailey   | HP: 2/62 [orc warrior/+0 glaive (9)]
 11472 | Bailey   | Noticed an orc knight
 11479 | Bailey   | Identified a scroll of acquirement
 11479 | Bailey   | Acquired the amulet of Kemoarai {Reflect Will++ SH+5}
 11525 | Bailey   | Killed an orc knight
 11526 | Bailey   | Reached XP level 10. HP: 21/69 MP: 1/20
 11609 | Bailey   | Noticed an orc knight
 11804 | Bailey   | Killed an orc knight
 11875 | Bailey   | Killed by an exploding fulminant prism

Illustrated notes

Levels and vault maps discovered:
D:1:      erik_arrival_blinker_ship, layout_basic
D:2:      layout_basic, shapermc_ecumenical_altar_venn,
          grunt_decor_mini_mirrors, minmay_liquid_box, uniq_terence,
          uniq_jessica
D:3:      layout_basic, uniq_sigmund, uniq_crazy_yiuf_cottage, uniq_natasha
D:4:      layout_basic
D:5:      layout_loops_ring
D:6:      nicolae_cairo_tiling_large_dashed, layout_rooms,
          nicolae_ossuary_entry_ruins, grunt_ministairs_1, serial_bayou_ford_a,
          uniq_grinder, uniq_edmund
D:7:      layout_basic, lemuel_tele_altar, serial_shops,
          nicolae_shop_overgrown_old_shop, enter_bailey_3,
          hangedman_decor_lopped, nrook_campfire
Bailey:   bailey_polearm_5, bailey

Skill      XL: |  1  2  3  4  5  6  7  8  9 10 |
---------------+-------------------------------+-----
Conjurations   | 5 6 7 8 9 11 | 11.6
Spellcasting   | 3 4 5 6 7 |  7.0
Hexes          | 2 3 |  3.3
Translocations | 2 3 5 6 |  6.0
Dodging        | |  1.7
Stealth        | |  1.7

Action                   |  1- 3 |  4- 6 |  7- 9 | 10-12 || total
-------------------------+-------+-------+-------+-------++-------
Melee: Tailslap          |     8 |       |     5 |       ||    13
       Unarmed           |     1 |       |       |       ||     1
       Short sword       |    37 |       |       |       ||    37
       Whip              |       |     4 |    20 |       ||    24
       Punch             |       |       |     1 |       ||     1
 Cast: Magic Dart        |    70 |    89 |   130 |       ||   289
       Searing Ray       |     1 |     7 |    31 |       ||    39
       Iskenderun's Myst |       |       |    26 |     5 ||    31
       Fulminant Prism   |       |       |     6 |     5 ||    11
       Dazzling Flash    |       |       |     2 |     1 ||     3
 Abil: Breathe Frost     |       |       |     9 |     2 ||    11
Evoke: Wand              |       |       |     4 |       ||     4
  Use: Scroll            |       |       |    13 |     2 ||    15
Armor: Skin              |    14 |     3 |    33 |     1 ||    51
Dodge: Dodged            |    21 |     6 |   103 |     5 ||   135
